[Event "Swietokrzyskie GM Chess-ch 2022"]
[Site "Zagnansk"]
[Date "2022.05.03"]
[Round "5.3"]
[White "Samunenkov, FM Ihor"]
[Black "Mikrut, IM Dariusz"]
[Result "1/2-1/2"]
[ECO "D70"]
[WhiteElo "2372"]
[BlackElo "2361"]
[Annotator "TA"]
[PlyCount "118"]
[EventDate "2022.04.29"]
[EventCountry "POL"]
[SourceTitle "playchess.com"]
[Source "ChessBase"]
[SourceQuality "1"]
[TimeControl "40/5400+30:1800+30"]

1. d4 Nf6 2. c4 g6 3. Nf3 Bg7 4. g3 c5 5. Nc3 cxd4 6. Nxd4 Nc6 7. Nc2 d6 8. Bg2 O-O 9. O-O Qa5 10. Ne3 {[%emt 0:11:06] A38: Symmetrical English vs ...g6: 4 Bg2 Bg7 5 Nf3 Nf6.} Ng4 {[%emt 0:02:16] [#]} 11. Ned5 $146 ({Predecessor:} 11. Ncd5 Nxe3 12. Nxe3 Be6 13. Bd5 Qa6 14. Bxe6 fxe6 15. Qd3 Rac8 16. Bd2 Bxb2 17. Qe4 Nd8 {1-0 (109) Petrosian,T (2654)-Babujian,L (2500) Yerevan 2014}) 11... Nge5 12. Bg5 e6 (12... f6 $11 {keeps the balance.} 13. Bf4 Qd8) 13. Nf6+ $16 Kh8 {[%emt 0:00:18] And now ...h6 would win.} 14. Qc1 ({Avoid the trap} 14. Qxd6 $2 Rd8 15. Qa3 Qxa3 16. bxa3 h6 $19) 14... Nd4 15. Qf4 Nd7 16. Qh4 ({Much worse is} 16. Qxd4 $6 Qxg5 17. Nfe4 Bxd4 $11) 16... Nxf6 17. Bxf6 Nf5 18. Bxg7+ Kxg7 19. Qf4 Qb4 20. Rab1 (20. e4 {looks sharper.} Nh6 21. Qd2 Bd7 22. Rfd1) 20... e5 $1 21. Qe4 Nd4 22. Qd3 (22. e3 $14 Bf5 23. Qh4 (23. Qxb7 Qxb7 24. Bxb7 Rab8 $15) 23... Bxb1 24. exd4) 22... Bf5 $11 23. Be4 Bxe4 24. Nxe4 f5 25. Ng5 h6 26. Nf3 Nxf3+ (26... Ne6 $11) 27. exf3 $14 Rac8 28. b3 Rfd8 29. Rfd1 a6 30. Qd5 Qb6 31. Rd3 h5 (31... Rc6 $142) 32. Rbd1 Rc6 33. Qe6 {[%emt 0:01:27][%cal Oc4c5] Against Re8. aiming for c5!} Qc7 {[%emt 0:00:10][%cal Od6d5] [#]} 34. Rd5 $1 b5 35. c5 {[%emt 0:01:08][%cal Rd5d6] White is more active.} Qf7 {[%emt 0:01:34] [#]} 36. Rxe5 Qxe6 37. Rxe6 dxc5 38. Rxc6 Rxd1+ $16 {[%emt 0:00:04][%mdl 4096] Endgame KR-KR} 39. Kg2 Rc1 40. Rxa6 c4 $2 (40... g5 $14) 41. bxc4 ({Better is} 41. Rb6 $18) 41... bxc4 $14 42. f4 Ra1 43. a4 c3 {[%emt 0:00:52] ...c2 is the strong threat.} 44. Ra7+ Kf6 {[%emt 0:00:09] Threatens to win with ...c2.} 45. Rc7 Rxa4 46. Rxc3 Ra6 47. Kf3 Re6 48. Re3 {[%emt 0:00:11] Strongly threatening Rxe6+.} Ra6 49. h4 Rb6 50. Ke2 (50. Ra3 $14) 50... Rb2+ (50... Re6 $1 $11) 51. Kf1 $1 Rb6 52. Re2 Ra6 53. Ke1 (53. Kg2 $14) 53... Rd6 (53... Ra1+ $11 54. Kd2 Ra2+ 55. Ke3 Rxe2+ 56. Kxe2 Ke6) 54. Rd2 ({White should try} 54. Ra2 $14) 54... Re6+ ({Black should play} 54... Rxd2 $1 $11 55. Kxd2 Ke6) 55. Kd1 Rc6 56. Rd3 Ra6 57. Kd2 Ra2+ 58. Ke3 Ra6 59. Kd4 (59. Kf3 $14) 59... Ra2 {[%emt 0:00:12] Weighted Error Value: White=0.15 (very precise) /Black=0.21 (precise)} 1/2-1/2

[Event "Swietokrzyskie GM Chess-ch 2022"]
[Site "Zagnansk"]
[Date "2022.05.03"]
[Round "5.4"]
[White "Tazbir, GM Marcin"]
[Black "Budisavljevic, GM Luka"]
[Result "0-1"]
[ECO "B47"]
[WhiteElo "2506"]
[BlackElo "2509"]
[Annotator "TA"]
[PlyCount "116"]
[EventDate "2022.04.29"]
[EventCountry "POL"]
[SourceTitle "playchess.com"]
[Source "ChessBase"]
[SourceQuality "1"]
[TimeControl "40/5400+30:1800+30"]

1. e4 c5 2. Nf3 e6 3. d4 cxd4 4. Nxd4 Nc6 5. Nc3 Qc7 6. Be2 Nf6 7. O-O Be7 8. Be3 O-O 9. Kh1 d6 10. f4 Nxd4 11. Qxd4 b6 {[%emt 0:00:14] B83: Sicilian Scheveningen: 6 Be2, lines without ...a6.} 12. Bf3 Ba6 13. Rfd1 Rfd8 {[%emt 0:01:09] The position is equal.} 14. e5 dxe5 15. Qxe5 Rac8 {[%emt 0:00:11][%cal Ba8c8,Bc8c7,Bc7b7][%mdl 32] [#]} 16. Qxc7 $146 ({Predecessor:} 16. Rxd8+ Bxd8 17. Rd1 Be7 18. h3 Kf8 19. Rd2 Nd7 20. Qh5 Nf6 21. Qe5 Nd7 22. Qxc7 Rxc7 {1-0 (30) Savanovic,A (2410)-Robles Aguilar,E (2376) Chess.com INT 2020}) 16... Rxc7 17. Rxd8+ Bxd8 18. Rd1 Be7 19. Kg1 Kf8 20. g3 Bb7 21. Bxb7 Rxb7 22. Kg2 Rc7 23. Kf3 Bb4 24. Rd3 Bxc3 25. Rxc3 Rxc3 26. bxc3 $15 {[%emt 0:00:02][%mdl 4096] Endgame KB-KN} Nd7 27. Bd4 f6 28. Ke4 Ke7 29. Be3 Kd6 30. c4 Nc5+ 31. Kd4 e5+ 32. fxe5+ fxe5+ 33. Kc3 h5 34. Kb4 Kc6 35. Kc3 Kd6 36. Kb4 Ne4 37. a3 (37. Bc1 $15) 37... Kc6 $17 38. Kb3 a5 39. Bc1 Nf2 (39... Kc7 $17) 40. Bb2 Kd6 (40... e4 $17 {...e3 is the strong threat.} 41. Bd4 Nd1) 41. c5+ $1 $15 bxc5 {[%emt 0:22:59] aiming for ...Nd1.} 42. Kc4 $2 {[%mdl 8192] [#]} (42. Bc3 $11 {and White has nothing to worry.}) 42... Ng4 (42... a4 $1 $19 {And now ...Ng4 would win.} 43. Bc1 Ng4) 43. h3 $17 Nf2 (43... Ne3+ $17 44. Kd3 Nd1) 44. a4 $1 $11 Nxh3 45. Bc3 Ng5 {[%emt 0:01:57] White must now prevent ...Ne4.} (45... e4 $5 46. Bxg7 Nf2 $15) 46. Bxa5 Ne4 47. Be1 Kc6 48. Kd3 Nd6 49. c4 $1 g5 {[%emt 0:01:02][%cal Bg7g5,Bg5h4][%mdl 32] Threatens to win with ...e4+.} 50. a5 $1 e4+ 51. Ke3 Kb7 {[%emt 0:00:02] Strongly threatening ...Ka6.} 52. Bc3 $2 {[%emt 0:03:11][%mdl 8192] [#]} (52. Bf2 $11) 52... h4 $1 53. gxh4 gxh4 54. Kf4 Ka6 $2 (54... h3 $19 {( -> ...h2)} 55. Kg3 Nxc4 56. Kxh3 Ne3) 55. Kg4 $2 {[%emt 0:01:07][%mdl 8192] [#]} (55. Be1 $11) 55... Nf5 $1 {[%emt 0:00:39][%mdl 512] Black mates.} 56. Kh3 (56. Kxf5 h3) 56... e3 57. Kg4 {[%emt 0:00:10] [#]} e2 $1 58. Kh3 (58. Be1 Ne3+) 58... Nd4 {[%emt 0:00:21] Weighted Error Value: White=0.41/Black=0.31} 0-1

[Event "Swietokrzyskie GM Chess-ch 2022"]
[Site "Zagnansk"]
[Date "2022.05.03"]
[Round "5.5"]
[White "Chatalbashev, GM Boris"]
[Black "Szpar, IM Milosz"]
[Result "1-0"]
[ECO "A25"]
[WhiteElo "2539"]
[BlackElo "2434"]
[Annotator "TA"]
[PlyCount "93"]
[EventDate "2022.04.29"]
[EventCountry "POL"]
[SourceTitle "playchess.com"]
[Source "ChessBase"]
[SourceQuality "1"]
[TimeControl "40/5400+30:1800+30"]

1. c4 e5 2. g3 Nc6 3. Bg2 g6 4. Nc3 Bg7 5. e3 d6 6. Nge2 h5 7. h4 Nh6 8. Rb1 {[%emt 0:01:01] A25: English Opening vs King's Indian with ...Nc6 but without early d3.} Nf5 9. b4 O-O {[%emt 0:13:26] [#]} 10. b5 $146 {[%emt 0:03:48] White is slightly better.} ({Predecessor:} 10. d3 Nh6 11. b5 Ne7 12. a4 Rb8 13. Qb3 Be6 14. Nd5 Kh7 15. Nec3 Neg8 16. Ne4 {0-1 (54) Masculo,J (2225)-Harmon,C (2240) Jacksonville 1990}) 10... Nce7 11. a4 c5 12. d3 Rb8 13. Bd2 Be6 14. Qb3 Kh8 15. Ne4 Ng8 16. N2c3 Ngh6 17. Ng5 Ng4 18. Bh3 (18. Nxe6 fxe6 19. b6 a6 $11) 18... Bd7 19. Qd1 Bh6 20. Nd5 {[%emt 0:03:33] Threatens to win with f3.} Kg7 21. Ne4 {[%emt 0:05:31] White is more active.} (21. Bxg4 hxg4 22. Ne4 (22. Qxg4 Nxe3 23. Qf3 Nc2+ 24. Kf1 Nd4 $15) 22... Ne7 $11) (21. Qe2 $16) 21... Ne7 $1 $11 22. Qe2 (22. Nxd6 Nxd5 23. cxd5 Nf6 24. Bxd7 Qxd7 $11) 22... f5 23. Nec3 (23. Nxd6 Be6 24. Bxg4 hxg4 $15) 23... f4 24. exf4 Nf5 25. fxe5 (25. Bxg4 $6 Nd4 26. Bxh5 (26. Qe4 $2 Bxg4 27. b6 a6 $19) 26... Nxe2 27. Bxe2 exf4 28. gxf4 Rh8 $11) (25. Qd1 $14) 25... Bxd2+ 26. Qxd2 (26. Kxd2 $2 Nd4 27. Bxg4 Nxe2 28. Bxe2 Rxf2 $19) 26... Nd4 $36 {[%emt 0:00:45][%mdl 2048] ...Nf3+ is the strong threat. White is under pressure.} 27. Bxg4 Bxg4 28. Qb2 $1 Bf3 (28... dxe5 $15 29. O-O Qd7) 29. Rf1 (29. O-O $11 {remains equal.}) 29... Qa5 (29... dxe5 $17 30. Ne4 Be2) 30. Ne3 $2 (30. exd6 $2 Rbe8+ 31. Ne3 Be2 $17) (30. b6 $15) 30... dxe5 (30... Rbe8 $1 $19 31. exd6 Be2) 31. Kd2 $2 (31. Qd2 $17 {was the only defense.}) 31... e4 $2 (31... Be2 $19 {is more deadly. Hoping for ...Rf3.} 32. f4 Bxf1 33. Rxf1 exf4 34. gxf4 Rbe8) 32. dxe4 $17 Rbd8 (32... Bxe4 $17 33. Rbd1 Bf3) 33. Kc1 Kh7 {[%emt 0:00:32][%cal Of3e2] And now ...Be2! would win.} 34. Ned5 $2 {[%emt 0:01:35][%mdl 8192] [#]} (34. Ra1 $11) 34... Rde8 $2 (34... Be2 $1 $19 35. Re1 (35. Nxe2 $2 Rxf2 36. Qxd4 Rxf1+ 37. Qd1 Rxd1+ 38. Kxd1 Qxa4+ 39. Ke1 Qxc4 $19) (35. Qa3 Bxf1) 35... Rxd5 36. exd5 (36. cxd5 $2 {perishes.} Rf3 $19) 36... Rf3 37. Rxe2 Rxc3+ 38. Kd1 Qxa4+ 39. Ke1 Qxc4) 35. Qd2 $14 {[%emt 0:01:09] Black must now prevent Re1.} Bg2 $1 36. Rd1 Rf3 37. Kb2 $2 (37. b6 $11 axb6 38. Rb2 (38. Rxb6 Rxc3+ 39. Kb2 Qxb6+ 40. Nxb6 Rb3+ 41. Ka2 Rxb6 $17)) 37... Ref8 $19 38. Qg5 $2 {[%emt 0:03:59] [#]} (38. Ka3 Bh3 39. Rdc1) 38... Rxf2+ $2 (38... Rxc3 $1 $19 39. Rxd4 Rxf2+ 40. Rd2 Rxd2+ 41. Qxd2 Rb3+ $3 42. Kc2 Qxd2+ 43. Kxd2 Rxb1 44. Nf6+ Kg7) 39. Rd2 $11 {[%emt 0:00:05] Really sharp!} Rxd2+ 40. Qxd2 Bf1 41. e5 $2 (41. Rxf1 $11 Rxf1 42. Qg5) 41... Bxc4 $19 42. Nf6+ Kg7 43. Nce4 Qxa4 44. Nxh5+ gxh5 $2 ({Better is} 44... Kg8 $19 {( -> ...Qa2+)} 45. Nhf6+ {[#]} Rxf6 $1 46. Nxf6+ Kf7 47. e6+ Bxe6) 45. Qg5+ $11 Kf7 $2 (45... Kh7 $11 46. Qxh5+ Kg8 47. Qg5+ Kh7 48. Qh5+ Kg8 49. Qg5+ Kh8 50. Qh5+ Kg8) 46. e6+ $18 Ke8 47. Nd6# {White used his chance.  Weighted Error Value: White=0.93/Black=0.85} 1-0

[Event "Swietokrzyskie GM Chess-ch 2022"]
[Site "Zagnansk"]
[Date "2022.05.04"]
[Round "6.1"]
[White "Kowalski, IM Igor"]
[Black "Szpar, IM Milosz"]
[Result "1/2-1/2"]
[ECO "D20"]
[WhiteElo "2370"]
[BlackElo "2434"]
[Annotator "TA"]
[PlyCount "59"]
[EventDate "2022.04.29"]
[EventCountry "POL"]
[SourceTitle "playchess.com"]
[Source "ChessBase"]
[SourceQuality "1"]
[TimeControl "40/5400+30:1800+30"]

1. d4 d5 2. c4 dxc4 3. e3 Nf6 4. Bxc4 e6 5. Nf3 a6 6. O-O b5 7. Bd3 {[%emt 0:00:16] 7.Be2 is the hot move.} Bb7 8. a4 b4 9. Nbd2 {[%emt 0:00:32] D26: Queen's Gambit Accepted: 4 e3 e6 5 Bxc5 c5 sidelines.} c5 10. Qe2 cxd4 11. exd4 Be7 12. Ne4 Nbd7 13. Bf4 O-O 14. Rfc1 Nxe4 15. Bxe4 Bxe4 16. Qxe4 Nf6 17. Qb7 Nd5 18. Bg3 {[%emt 0:10:04] [#]} h5 $146 ({Predecessor:} 18... Bf6 19. a5 Qe7 20. Qc6 Rfd8 21. Rc4 Qf8 22. Rac1 Nc3 23. bxc3 Rdc8 24. cxb4 Rxc6 25. Rxc6 {½-½ (41) Shariyazdanov,A (2562)-Stevic,H (2527) Neum 2002}) 19. Rc6 a5 20. Rac1 Bg5 21. R1c5 h4 22. Be5 {[%emt 0:14:09] [#] And now Rd6 would win.} Be7 {[%emt 0:04:14] Inhibits Rd6.} 23. Rc1 h3 24. gxh3 Bg5 25. R1c4 {[%emt 0:08:05] Rd6 is the strong threat.} Bh6 26. Rd6 {[%emt 0:04:26] White is more active.} (26. Bd6 Qf6 27. Ne5 (27. Bxf8 $2 Qg6+ 28. Ng5 Bxg5 $19) 27... Qg5+ 28. Ng4 Qg6 $17) 26... Qe8 27. Qc6 Qe7 28. Rd7 Qe8 {[%emt 0:00:35][%cal Od5b6] [#] Threatens to win with ...Nb6!} 29. Rd6 Qe7 $1 30. Rd7 {[%emt 0:00:04] Weighted Error Value: White=0.06 (flawless) /Black=0.04 (flawless)} 1/2-1/2

[Event "Swietokrzyskie GM Chess-ch 2022"]
[Site "Zagnansk"]
[Date "2022.05.04"]
[Round "6.2"]
[White "Budisavljevic, GM Luka"]
[Black "Chatalbashev, GM Boris"]
[Result "1/2-1/2"]
[ECO "E94"]
[WhiteElo "2509"]
[BlackElo "2539"]
[Annotator "TA"]
[PlyCount "171"]
[EventDate "2022.04.29"]
[EventCountry "POL"]
[SourceTitle "playchess.com"]
[Source "ChessBase"]
[SourceQuality "1"]
[TimeControl "40/5400+30:1800+30"]

1. e4 g6 2. d4 Bg7 3. c4 d6 4. Nc3 Nf6 5. Nf3 O-O 6. Be2 e5 7. O-O Na6 8. Be3 Qe7 9. Qc2 exd4 10. Nxd4 Nb4 11. Qd2 Nxe4 12. Nxe4 Qxe4 13. Bf3 Qh4 14. Nb5 Na6 15. Nxa7 Be5 16. g3 Qf6 17. Nxc8 Qxf3 18. Ne7+ Kh8 19. Nd5 c6 20. Nc3 Nc5 21. Bd4 Ne6 22. Bxe5+ dxe5 23. Rae1 Nd4 24. Qe3 f6 25. Rd1 Rad8 26. c5 g5 27. Qxf3 Nxf3+ 28. Kg2 Nd2 $1 29. Rfe1 Rd4 30. Rc1 Rfd8 31. Nd1 Kg7 32. Ne3 Kg6 $1 33. Nf1 g4 34. Re3 R8d7 35. Re2 Nf3 36. h3 h5 37. Nh2 Ng5 38. hxg4 hxg4 39. Rc3 Kf5 40. f3 gxf3+ $1 (40... Rd2 41. fxg4+ Ke6 42. Rce3 $17) 41. Nxf3 Rd1 42. Nxg5 Kxg5 43. Rf3 Rc1 44. b4 Rdd1 45. Rb3 $2 (45. Rfe3 $17 {is a better defense.}) 45... Rg1+ $19 46. Kh2 Rh1+ 47. Kg2 Rcg1+ 48. Kf2 Rf1+ 49. Kg2 Rb1 50. Rd3 (50. Rbe3 $17) 50... Rhg1+ $19 51. Kh2 Rh1+ (51... Rgc1 $19 52. a3 f5) 52. Kg2 $17 Rh7 ({Better is} 52... Kg4 $17 {White must now prevent ...Rhg1+.} 53. a3 Rbg1+ 54. Kf2 Ra1) 53. a3 $15 Rbh1 54. Kf3 Kf5 55. Rd6 (55. Rd8 $15) 55... Ra1 $1 $17 56. Re3 $2 {[%emt 0:05:11] [#]} (56. Kg2 $17) 56... Rh2 $1 $19 57. g4+ Kg5 58. Rd7 Rh3+ 59. Ke4 Rxe3+ ({Not} 59... Rxa3 60. Rg7+ Kh6 61. Rxa3 Rxa3 62. Rxb7 $11) 60. Kxe3 Kxg4 ({Weaker is} 60... Rxa3+ 61. Ke4 $11) 61. Rxb7 {[%emt 0:00:57] [#]} f5 $1 ({Worse is} 61... Rxa3+ 62. Ke4 $11) 62. Rg7+ Kh5 63. Rh7+ $2 (63. Ra7) 63... Kg5 $19 64. Rg7+ Kh4 $2 (64... Kf6 $19 65. Rc7 (65. Ra7 $2 f4+ 66. Kf3 Kf5 $19) 65... Rxa3+ 66. Kf2 Ra6) 65. Rh7+ $1 $11 Kg3 66. Rg7+ Kh2 67. Rg5 Rxa3+ 68. Kf2 Ra2+ 69. Kf1 f4 70. Rxe5 Kg3 71. Rf5 Rb2 72. Rf6 Rxb4 73. Rxc6 Rb1+ 74. Ke2 f3+ 75. Ke3 Re1+ 76. Kd4 f2 77. Rg6+ Kh4 (77... Kf3 $5 78. Rf6+ Kg3 $11) 78. Rf6 f1=Q 79. Rxf1 Rxf1 80. c6 $1 Kg5 81. Ke5 Rf6 82. Kd5 Rf8 83. c7 Kf6 84. Kd6 Rh8 85. Kd7 Rh7+ 86. Kd6 1/2-1/2

[Event "Swietokrzyskie GM Chess-ch 2022"]
[Site "Zagnansk"]
[Date "2022.05.04"]
[Round "6.3"]
[White "Mikrut, IM Dariusz"]
[Black "Tazbir, GM Marcin"]
[Result "1/2-1/2"]
[ECO "C42"]
[WhiteElo "2361"]
[BlackElo "2506"]
[Annotator "TA"]
[PlyCount "41"]
[EventDate "2022.04.29"]
[EventCountry "POL"]
[SourceTitle "playchess.com"]
[Source "ChessBase"]
[SourceQuality "1"]
[TimeControl "40/5400+30:1800+30"]

1. e4 e5 2. Nf3 Nf6 3. Nxe5 d6 4. Nf3 Nxe4 5. Qe2 Qe7 6. d3 Nf6 7. Bg5 Qxe2+ 8. Bxe2 Be7 9. Nc3 c6 10. O-O-O Na6 11. Ne4 Nxe4 12. dxe4 {[%emt 0:00:09] The position is equal.} Nc5 {[%emt 0:03:10] C42: Petroff Defence: 3 Nxe5 and unusual White 3rd moves.} 13. Bxe7 Kxe7 14. Rhe1 f6 15. Nd4 g6 16. Bf1 Re8 17. f3 {[%emt 0:01:24] [#]} Kd8 $146 ({Predecessor:} 17... Bd7 18. Kb1 Ne6 19. Nxe6 Bxe6 20. Rd4 b6 21. g4 a5 22. h4 Rad8 {½-½ (44) Novikov,M (2503)-Simantsev,M (2541) Donskoj 2010}) 18. Nb3 Nxb3+ 19. axb3 Kc7 20. Bd3 Bd7 21. Kd2 {[%emt 0:00:38] Not much happened in this game.  Weighted Error Value: White=0.04 (flawless) /Black=0.05 (flawless)} 1/2-1/2

[Event "Swietokrzyskie GM Chess-ch 2022"]
[Site "Zagnansk"]
[Date "2022.05.04"]
[Round "6.4"]
[White "Pacan-Milej, FM Kosma"]
[Black "Samunenkov, FM Ihor"]
[Result "1/2-1/2"]
[ECO "E15"]
[WhiteElo "2404"]
[BlackElo "2372"]
[Annotator "TA"]
[PlyCount "48"]
[EventDate "2022.04.29"]
[EventCountry "POL"]
[SourceTitle "playchess.com"]
[Source "ChessBase"]
[SourceQuality "1"]
[TimeControl "40/5400+30:1800+30"]

1. d4 Nf6 2. c4 e6 3. Nf3 b6 4. g3 c6 5. Bg2 Be7 6. O-O O-O 7. Qc2 d5 8. Bg5 Nbd7 9. Nbd2 Bb7 10. Rfd1 h6 11. Bxf6 Nxf6 {[%emt 0:01:54] The position is equal.} 12. Rac1 {[%emt 0:18:20] E11: Bogo-Indian.} Rc8 {[%emt 0:06:01] [#]} 13. Qa4 $146 ({Predecessor:} 13. e4 Re8 14. a3 c5 15. cxd5 exd5 16. e5 Nd7 17. Bh3 Bf8 18. Qf5 {½-½ (47) Olafsson,H (2473)-Delchev,A (2577) Istanbul 2003}) 13... a6 14. Nb3 dxc4 15. Qxc4 Qc7 16. Ne5 c5 17. Bxb7 Qxb7 18. dxc5 Bxc5 19. Qf4 {[%emt 0:01:10] Active counter play!} Be7 20. Nd3 Rxc1 21. Rxc1 Rc8 {[%emt 0:02:49] Prevents Rc7.} 22. Rxc8+ Qxc8 23. Qc1 Qxc1+ 24. Nbxc1 Kf8 {[%emt 0:01:16] An even fight not without its subleties.  Weighted Error Value: White=0.03 (flawless) /Black=0.04 (flawless)} 1/2-1/2

[Event "Swietokrzyskie GM Chess-ch 2022"]
[Site "Zagnansk"]
[Date "2022.05.04"]
[Round "6.5"]
[White "Fus, FM Jakub"]
[Black "Stoyanov, IM Tsvetan"]
[Result "1-0"]
[ECO "C88"]
[WhiteElo "2377"]
[BlackElo "2424"]
[Annotator "TA"]
[PlyCount "147"]
[EventDate "2022.04.29"]
[EventCountry "POL"]
[SourceTitle "playchess.com"]
[Source "ChessBase"]
[SourceQuality "1"]
[TimeControl "40/5400+30:1800+30"]

1. e4 e5 2. Nf3 Nc6 3. Bb5 a6 4. Ba4 Nf6 5. O-O Be7 6. Re1 b5 7. Bb3 O-O 8. a4 Rb8 9. axb5 axb5 10. Nc3 d6 11. h3 Be6 {[%emt 0:14:58] C88: Closed Ruy Lopez: Anti-Marshall Systems.} 12. Nd5 Qd7 {[%emt 0:01:17] [#]} 13. d3 $146 ({Predecessor:} 13. c3 h6 14. d4 exd4 15. Nxe7+ Qxe7 16. Nxd4 Nxd4 17. cxd4 Bxb3 18. Qxb3 c5 19. Bf4 {1-0 (54) Yelken,M (2097)-Demir,H (1900) Kemer 2014}) 13... Bxd5 {[%emt 0:11:36] White is slightly better.} 14. exd5 ({Reject} 14. Bxd5 Nxd5 15. exd5 Nb4 $15) 14... Nb4 15. d4 e4 16. Nd2 Nbxd5 17. Nxe4 Nxe4 18. Bxd5 Nf6 19. Bf3 d5 20. Bf4 Ra8 {[%emt 0:02:02] Against Ra7} 21. Qd2 c6 22. Be5 Rxa1 23. Rxa1 Ne4 24. Bxe4 dxe4 25. Qc3 Rc8 26. Ra6 f6 27. Bf4 Qd5 28. Ra7 Bf8 29. Be3 Bd6 30. Qa5 f5 31. Qa6 Rb8 (31... Rf8 $11) 32. g3 $16 f4 33. gxf4 h6 (33... Re8 $16 34. Qa2 (34. Qb7 Bf8 $16) 34... Qxa2 35. Rxa2 Kf7) 34. Ra8 (34. Rd7 $18 {is more deadly.}) 34... Rxa8 35. Qxa8+ Kh7 (35... Kf7 $14) 36. Qe8 b4 37. c4 ({White should try} 37. Qd7 $16) 37... bxc3 (37... Qf5 $1 $11) 38. bxc3 Qf5 (38... Ba3 $16 39. Bd2 Bb2) 39. Qxc6 $18 Bxf4 40. Bxf4 Qxf4 {[%emt 0:00:00][%mdl 4096] Endgame KQ-KQ} 41. Qe6 h5 (41... Qc1+ $16 {was necessary.} 42. Kg2 Qg5+ 43. Qg4 Qd5) 42. Qe7 Qc1+ ({Less strong is} 42... Qf3 43. Qe5) 43. Kg2 Qf4 {[%emt 0:00:04] [#]} 44. Qe5 $1 Qf3+ 45. Kg1 h4 46. d5 (46. Qe7 $16) 46... Qd1+ $1 $14 47. Kh2 Qf3 48. Qd4 {[%emt 0:00:30] [#] Hoping for d6.} Qf4+ {[%emt 0:00:48][%mdl 8192] White stays focused until the end.} (48... g5 $14) 49. Kg1 $18 {[%emt 0:00:43] aiming for d6.} Qc1+ 50. Kg2 Qg5+ 51. Kf1 Qf5 52. Ke1 {[%emt 0:00:06] d6 is the strong threat.} Qxh3 53. Qxe4+ Kh8 54. c4 (54. Qd4 $142 Kg8 55. c4) 54... Qh2 55. c5 {[%emt 0:00:52] Strongly threatening d6.} h3 56. d6 Qg1+ 57. Ke2 Qg5 {[%emt 0:00:31] Against Qh4+} 58. d7 h2 59. Kd3 g6 60. Kc4 Kh7 61. Kb5 Qd8 62. c6 Qb8+ 63. Kc4 (63. Kc5 $142 Qf8+ 64. Kb5 Qb8+ 65. Kc4 Qg8+ 66. Kd4 Qg7+ 67. Kd5) 63... Qd6 64. Qh4+ Kg7 65. d8=Q Qxc6+ 66. Kb4 {[%emt 0:00:50] White wants to mate with Qhh8+.} Qb7+ 67. Ka5 Qa7+ 68. Kb5 {[%emt 0:00:02] Qdh8+ would kill now.} Qb7+ 69. Kc5 Qa7+ 70. Kb4 Qb7+ 71. Kc3 {[%emt 0:00:06] White threatens Qdf6+ and mate.} Qf3+ 72. Kd2 {[%emt 0:00:20] Intending Qhh8+ and mate.} h1=Q 73. Qhe7+ Qf7 74. Qdf8+ {[%emt 0:00:03] Weighted Error Value: White=0.27 (precise) /Black=0.22 (precise)} 1-0

[Event "Swietokrzyskie GM Chess-ch 2022"]
[Site "Zagnansk"]
[Date "2022.05.04"]
[Round "7.1"]
[White "Stoyanov, IM Tsvetan"]
[Black "Kowalski, IM Igor"]
[Result "1-0"]
[ECO "A28"]
[WhiteElo "2424"]
[BlackElo "2370"]
[Annotator "TA"]
[PlyCount "79"]
[EventDate "2022.04.29"]
[EventCountry "POL"]
[SourceTitle "playchess.com"]
[Source "ChessBase"]
[SourceQuality "1"]
[TimeControl "40/5400+30:1800+30"]

1. c4 Nf6 2. Nc3 e5 3. Nf3 Nc6 4. e4 Bb4 5. d3 d6 6. a3 {[%emt 0:04:36] A28: English Opening: Four Knights Variation.} Ba5 7. b4 Bb6 8. Be3 {[%emt 0:00:55] The position is equal.} O-O 9. Be2 {[%emt 0:09:07] [#]} Ne8 $146 ({Predecessor:} 9... Nd4 10. Bxd4 exd4 11. Nb1 c5 12. O-O a5 13. bxc5 dxc5 14. a4 Bc7 15. Na3 Nd7 {0-1 (40) Abdusattorov,N (2651)-Caruana,F (2792) Chess.com INT 2022}) 10. O-O f5 11. exf5 (11. c5 {feels hotter.} dxc5 12. bxc5 Ba5 13. exf5 Bxf5 14. Ne4) 11... Bxf5 12. d4 exd4 13. Nxd4 Bxd4 14. Bxd4 Qh4 15. f4 (15. Be3 {with more complications.} Nf6 16. Nd5 Nxd5 17. Qxd5+ Kh8 18. c5) 15... Nxd4 16. Qxd4 {[%emt 0:02:47] And now Qd5+ would win.} c6 {[%emt 0:00:10] Inhibits Qd5+.} 17. Rad1 Bg6 18. Bf3 Qf6 19. g3 a6 20. Rfe1 Rd8 21. b5 {[%emt 0:09:28] 0x0.002471b8e108dp-1022s more active pieces. The black rooks are badly placed.} axb5 22. cxb5 d5 23. Qc5 Nc7 24. bxc6 bxc6 25. Re5 (25. Ne2 $5 ) 25... Qd6 26. Qxd6 (26. Na4 {looks sharper.} Nb5 27. Ra1 Ra8 28. Bxd5+ cxd5 29. Qxb5 Rfc8 30. Nb6) 26... Rxd6 27. a4 Re6 28. Rxe6 Nxe6 29. a5 Nc5 ({Better is} 29... Ra8 $11) 30. Ne2 $1 $14 Nb3 31. Nd4 {[%emt 0:00:17] Against Bc2} Nxd4 32. Rxd4 $11 {[%emt 0:00:01][%mdl 4096] Endgame KRB-KRB} Bf7 (32... Re8 $11 {and Black has nothing to worry.}) 33. Rb4 $18 Ra8 34. a6 $1 {[%emt 0:00:01][%cal Oa6a7] [#] a7! is the strong threat.} Kf8 35. Rb6 Be8 36. Kf2 Bd7 37. Ke3 {[%emt 0:00:28] Threatens to win with Kd4.} Ke7 38. Kd4 {[%emt 0:00:27] [#] Strongly threatening Kc5.} Bc8 39. Rxc6 Kd7 (39... Bxa6 $16 {is a better chance.} 40. Bxd5 Ra7) 40. Rc5 {[%emt 0:00:00] Weighted Error Value: White=0.11 (very precise) /Black=0.38} 1-0